Beute Pershing and Heeres Flak abteilung.

Match 44577536
End
Kettenkrad Recon Vehicle
Selects Luftwaffe Battlegroup
Selects Luftwaffe Pioneer Support
Fallschirmpioneer Squad Paradrop
Fallschirmpioneer Squad Paradrop
Construct Infanterie Kompanie
MG 42 Machine Gun Team
Construct Panzergrenadier Kompanie
Selects Reconnaissance Run
251 Medium Carrier
Selects Fallschirmjäger Squad Paradrop
Fallschirmjäger Squad Paradrop
Medical Station
Pak 40 Anti-tank Gun Team
Infanterie Officer Quarters
Panzergrenadier Officer Quarters
MG 42 Machine Gun Team
Selects Flak 38 Anti-Air Emplacement
Kettenkrad Recon Vehicle
Selects Flak 36 Anti-tank Gun Emplacement
Fallschirmjäger Squad Paradrop
Selects Fragmentation Bombs
Fallschirmjäger Squad Paradrop
Fragmentation Bombs
Fallschirmjäger Squad Paradrop
Support Elements
Fragmentation Bombs
Reconnaissance Run
Fragmentation Bombs
Fallschirmjäger Squad Paradrop
Reconnaissance Run
Kettenkrad Recon Vehicle
StuG III G Assault Gun
StuG III G Assault Gun
Kettenkrad Recon Vehicle
Fragmentation Bombs
Evelynn
SkidrowV2 Strikes Back
T.R. Stormjäger
Воин вацапа
0
0

Comments sign in to comment!

No comments posted yet!